 Dungeon Crawl Stone Soup version 0.31-a0-167-g1c394c0614 (webtiles) character file.

Game seed: 8705070923580631800

2 qw the Shooter (level 1, 0/19 HPs)
             Began as a Naga Hunter on June 14, 2023.
             Slain by a kobold
             ... wielding a +0 whip
              (4 damage)
             ... on level 1 of the Dungeon.
             The game lasted 00:00:00 (43 turns).

qw the Shooter (Naga Hunter)                          Turns: 43, Time: 00:00:01

Health: 0/19       AC:  1    Str: 13    XL:     1   Next: 40%
Magic:  1/1        EV:  9    Int:  9    God:
Gold:   4          SH:  0    Dex: 14    Spells: 0/0 levels left

rFire   . . .        a - +0 shortbow
rCold   . . .        (shield currently unavailable)
rNeg    . . .        c - +0 leather armour
rPois   +            (no helmet)
rElec   .            (no cloak)
rCorr   .            (no gloves)
SInv    +            (no barding)
Will    .....        (no amulet)
Stlth   ++           (no ring)
HPRegen 0.23/turn    (no ring)
MPRegen 0.07/turn

%: no passive effects
@: short of breath, very slow
A: AC +0, large, see invisible, deformed body, poison resistance, slowness 2,
spit poison 1, naga tail 1
a: Spit Poison


You were on level 1 of the Dungeon.
You visited 1 branch of the dungeon, and saw 1 of its levels.

You collected 4 gold pieces.


Innate Abilities, Weirdness & Mutations

Your serpentine skin is tough. (AC +0)
You have supernaturally acute eyesight. (SInv)
Armour fits poorly on your strangely shaped body.
Your system is resistant to poisons. (rPois)
You cover ground very slowly.
You can spit poison.
You have a snake-like lower body.


   Skills:
 - Level 2.0 Fighting
 + Level 3.7 Ranged Weapons
 - Level 1.5 Dodging
 - Level 1.5 Stealth


You couldn't memorise any spells.
You didn't know any spells.
Your spell library was empty.

Inventory:

Hand Weapons
 a - a +0 shortbow (weapon)
Armour
 c - a +0 leather armour (worn)
Scrolls
 b - a scroll of butterflies

Dungeon Overview and Level Annotations

Branches:
Dungeon (1/15)

Altars:


Message History

You now have 1 gold piece.
You now have 2 gold pieces (gained 1).
You now have 3 gold pieces (gained 1).
You now have 4 gold pieces (gained 1).
You open the door.
There is an open door here.
You open the door.
Found a short sword.
There is an open door here.
A kobold and 2 bats come into view.
The kobold shouts!
The kobold throws a stone.
The stone hits you.
A giant cockroach comes into view.
A dart slug comes into view.
39 ||| INVOKING Spit Poison.
Aiming: Spit Poison (3% risk of failure)
Press: ? - help, Shift-Dir - straight line, f - bat The splash of poison hits the bat.
The bat is poisoned.
You kill the bat!
An endoplasm comes into view.
The bat hits you.
You shoot an arrow. The arrow hits the bat!
You kill the bat!
The kobold hits you with a +0 whip.
You shoot an arrow.
The arrow barely misses the giant cockroach.
You have got your breath back.
The giant cockroach barely misses you. The kobold hits you with a +0 whip.
The giant cockroach barely misses you.
42 ||| INVOKING Spit Poison.
Aiming: Spit Poison (3% risk of failure)
Press: ? - help, Shift-Dir - straight line, f/p - giant cockroach The splash of poison hits the giant cockroach!
The giant cockroach is poisoned.
You kill the giant cockroach!
The dart slug launches a dart at you. The slug dart hits you.
The kobold barely misses you.
You shoot an arrow. The arrow hits the endoplasm.
The endoplasm is severely wounded.
The endoplasm completely misses you. The kobold hits you with a +0 whip.
You die...

##### ..#. # .. ...####
.## . .....##..## #.
.......!.# #..
.........
###.####KJ...w..
#.......@.......
#.....).........
###########'###########
#........'8.8+........#
#........#...#........#
#...}....##+##....}...#
##...................##
######....<....######
##.......##


You could see a dart slug, an endoplasm and a kobold.

Vanquished Creatures
  A giant cockroach (D:1)
  2 bats (D:1)
3 creatures vanquished.

Notes
Turn   | Place    | Note
-------+----------+-------------------------------------------
     0 | D:1      | qw the Naga Hunter began the quest for the Orb.
     0 | D:1      | Reached XP level 1. HP: 19/19 MP: 1/1
     0 | D:1      | 0 ||| qw: Version: 0.2-a-29-g1fa15c8
     0 | D:1      | 0 ||| qw: Game counter: 4871
     0 | D:1      | 0 ||| qw: Always use a shield: true
     0 | D:1      | 0 ||| qw: God list: Okawaru
     0 | D:1      | 0 ||| qw: Allow faded altars: false
     0 | D:1      | 0 ||| qw: Do Orc after D:15 true
     0 | D:1      | 0 ||| qw: Do second Lair branch before Depths: true
     0 | D:1      | 0 ||| qw: Lair rune preference: random
     0 | D:1      | 0 ||| qw: Plans: Normal
     0 | D:1      | 0 ||| PLANNING D:1-11
    39 | D:1      | 39 ||| INVOKING Spit Poison.
    42 | D:1      | 42 ||| INVOKING Spit Poison.
    42 | D:1      | HP: 4/19 [dart slug/slug dart (6)]
    43 | D:1      | Slain by a kobold

Levels and vault maps discovered:
D:1:      giann_wishing_wells, layout_rooms, nicolae_ecumenical_snake_handling

Action                     || total
---------------------------++-------
   Fire: Shortbow          ||     3
Ability: Spit Poison       ||     2
  Dodge: Dodged            ||     4

Table legend:
 A = Non-vault XP
 B = Vault XP
 C = Vault XP percentage of total XP
 D = Non-vault monster count
 E = Vault monster count
 F = Vault count percentage of total count
                 A         B        C        D         E       F
            +---------+---------+-------+---------+---------+-------
      Total |       4 |       0 |   0.0 |       3 |       0 |   0.0
            +---------+---------+-------+---------+---------+-------
        D:1 |       4 |       0 |   0.0 |       3 |       0 |   0.0
            +---------+---------+-------+---------+---------+-------
